 Dungeon Crawl Stone Soup version 0.31.0-9-g3a7656b989 (webtiles) character file.

Game seed: 8864123231088125512

116 qw the Ducker (level 4, -12/22 HPs)
             Began as a Spriggan Hunter on Feb 2, 2024.
             Mangled by an ogre
             ... wielding a +0 giant spiked club
              (34 damage)
             ... on level 4 of the Dungeon.
             The game lasted 00:00:07 (1979 turns).

qw the Ducker (Spriggan Hunter)                     Turns: 1979, Time: 00:00:08

Health: -12/22     AC:  2    Str:  7    XL:     4   Next: 70%
Magic:  5/5        EV: 20    Int: 10    God:
Gold:   194        SH:  0    Dex: 20    Spells: 3/3 levels left

rFire   . . .        j - +0 orcbow
rCold   . . .        (shield currently unavailable)
rNeg    + . .        c - +0 robe
rPois   .            (helmet restricted)
rElec   .            (no cloak)
rCorr   .            (gloves unavailable)
SInv    +            (boots unavailable)
Will    .....        (no amulet)
Stlth   ++           f - ring of positive energy
HPRegen 0.23/turn    (no ring)
MPRegen 0.09/turn

%: no passive effects
@: very quick
A: very small, no large weapons, unfitting armour, see invisible, speed 3,
hooves 1, evolution 1
a: no special abilities


You were on level 4 of the Dungeon.
You visited 1 branch of the dungeon, and saw 4 of its levels.

You collected 194 gold pieces.


Innate Abilities, Weirdness & Mutations

You are very small and have problems with some larger weapons.
You are too small for most types of armour.
You have supernaturally acute eyesight. (SInv)
You cover ground extremely quickly. (Speed+++)
You have large cloven feet.
You have hidden genetic potential.


   Skills:
 + Level 1.6 Fighting
 - Level 5.0 Ranged Weapons
 - Level 5.3 Dodging
 - Level 1.5 Stealth


You had 3 spell levels left.
You didn't know any spells.
Your spell library was empty.

Inventory:

Hand Weapons
 j - a +0 orcbow (weapon)
Armour
 c - a +0 robe (worn)
Jewellery
 f - a ring of positive energy (left hand)
Potions
 a - a potion of curing
 b - a potion of enlightenment
 d - 2 potions of heal wounds
 e - a potion of cancellation
 g - a potion of attraction {unknown}
 h - 2 potions of resistance
 i - a potion of mutation
 k - a potion of lignification {unknown}
 l - a potion of berserk rage {unknown}

Dungeon Overview and Level Annotations

Branches:
Dungeon (4/15)
 Temple: D:4-7

Altars:
Dithmenos
Ru
Sif Muna

Annotations:
D:3 1 runed translucent door, Crazy Yiuf


Message History

Your feet thicken and deform.
You feel a hidden potential growing inside you.
Done exploring.
What level of the Dungeon? (default 3, ? - help)
You see here a +0 hammer.
You see here a +0 hammer.
You see here a +1 hammer of protection.
You see here a +0 hammer.
There is a stone staircase leading down here.
You climb downwards.
You hear the sound of rushing water.
There is an entrance to a sewer on this level.
Hurry and find it before the portal rusts away!
Found 6 stones.
There is a stone staircase leading up here.
Waypoint 3 assigned to D:4.
1956 ||| PLANNING SEWER
Found a leather armour.
Found an escape hatch in the floor.
An ogre comes into view. It is wielding a +0 giant spiked club.
The ogre shouts!
The ogre moves out of view.
You shoot an arrow.
The arrow hits the ogre but does no damage.
You shoot an arrow. The arrow barely misses the ogre.
You shoot an arrow. The arrow hits the ogre!
The ogre is moderately wounded.
You shoot an arrow. The arrow hits the ogre.
The ogre is heavily wounded.
You shoot an arrow. The arrow hits the ogre.
The ogre is severely wounded.
The ogre misses you.
You shoot an arrow. The arrow barely misses the ogre.
The ogre completely misses you.
You shoot an arrow. The arrow hits the ogre!
The ogre is almost dead.
The ogre completely misses you.
You shoot an arrow. The arrow barely misses the ogre.
The ogre hits you with a +0 giant spiked club!!
Ouch! That really hurt!
You die...

#........#...#
#........#...#
.........#...#
#.(......##.##
#........##.#
#......<.##.#
##########..#
#.## #@# #.O>#
#.### ... ...
..... ....
....


You could see an ogre.

Vanquished Creatures
  A jelly (D:3)
  4 adders
  A ribbon worm (D:3)
  A bat (D:1)
  2 endoplasms
  10 goblins
  6 hobgoblins
  2 quokkas
  5 ball pythons
  5 frilled lizards
  7 kobolds
  4 rats
48 creatures vanquished.

Notes
Turn   | Place    | Note
-------+----------+-------------------------------------------
     0 | D:1      | qw the Spriggan Hunter began the quest for the Orb.
     0 | D:1      | Reached XP level 1. HP: 10/10 MP: 2/2
     0 | D:1      | 0 ||| qw: Version: 0.3-a-155-g5e7d8dd
     0 | D:1      | 0 ||| qw: Game counter: 1250
     0 | D:1      | 0 ||| qw: Melee chars always use a shield: true
     0 | D:1      | 0 ||| qw: God list: Okawaru
     0 | D:1      | 0 ||| qw: Allow faded altars: false
     0 | D:1      | 0 ||| qw: Do Orc after clearing Dungeon:15 true
     0 | D:1      | 0 ||| qw: Do second Lair branch before Depths: true
     0 | D:1      | 0 ||| qw: Lair rune preference: random
     0 | D:1      | 0 ||| qw: Goals: Normal
     0 | D:1      | 0 ||| PLANNING D:1-11
    26 | D:1      | Reached skill level 3 in Dodging
   111 | D:1      | Reached XP level 2. HP: 14/14 MP: 3/3
   404 | D:1      | 404 ||| UPGRADING to ring of positive energy.
   405 | D:1      | 405 ||| READING 2 scrolls labelled IRISKO LEHUIPY.
   406 | D:1      | 406 ||| READING scroll labelled QUQ VAZ SAETH.
   409 | D:1      | 409 ||| READING scroll labelled JIPIT TEPE.
   410 | D:1      | 410 ||| DROPPING scroll of butterflies.
   411 | D:1      | 411 ||| DROPPING scroll of poison.
   588 | D:2      | Reached XP level 3. HP: 18/18 MP: 4/4
   678 | D:2      | 678 ||| DRINKING 2 black potions.
   707 | D:2      | Found a shimmering blue altar of Sif Muna.
   783 | D:2      | 783 ||| SWAPPING to +0 orcbow.
   785 | D:2      | 785 ||| DROPPING +0 shortbow.
  1098 | D:2      | 1098 ||| DRINKING 3 grey potions.
  1246 | D:3      | Found a sacrificial altar of Ru.
  1258 | D:3      | Found a shadowy altar of Dithmenos.
  1350 | D:3      | Found a runed translucent door.
  1351 | D:3      | Noticed Crazy Yiuf
  1409 | D:3      | Reached XP level 4. HP: 22/22 MP: 5/5
  1483 | D:3      | Found a faded altar of an unknown god.
  1920 | D:3      | 1920 ||| READING 3 scrolls labelled QYOKIA OMIYCZU.
  1920 | D:3      | 1920 ||| IDENTIFYING white potion
  1921 | D:3      | 1921 ||| READING 2 scrolls of identify.
  1921 | D:3      | 1921 ||| IDENTIFYING sedimented amethyst potion
  1922 | D:3      | 1922 ||| READING scroll of identify.
  1922 | D:3      | 1922 ||| IDENTIFYING emerald potion
  1923 | D:3      | 1923 ||| READING scroll labelled JUIW XEREOGIA.
  1924 | D:3      | 1924 ||| DRINKING 2 amethyst potions.
  1924 | D:3      | Gained mutation: You have large cloven feet. [potion of
                  | mutation]
  1924 | D:3      | Gained mutation: You have hidden genetic potential. [potion
                  | of mutation]
  1956 | D:4      | 1956 ||| PLANNING SEWER
  1970 | D:4      | Noticed an ogre
  1979 | D:4      | Mangled by an ogre

Levels and vault maps discovered:
D:1:      elethiomel_arrival_shortcut, layout_rooms
D:2:      layout_basic, basic_altar
D:3:      layout_loops_ring, grunt_temple_overflow_open,
          dreamdust_ecumenical_altar_angels_and_demons, minmay_goblin_outpost,
          uniq_crazy_yiuf_cottage
D:4:      layout_rooms, vehumet_crystals, lightli_sewer_entry_pipes, uniq_ijyb,
          uniq_duvessa, uniq_edmund

Skill      XL: |  1  2  3  4 |
---------------+-------------+-----
Dodging        | 3 4 5 |  5.3
Ranged Weapons | 5 |  5.0
Fighting       | |  1.6
Stealth        | |  1.5

Action                     |  1- 3 |  4- 6 || total
---------------------------+-------+-------++-------
   Fire: Shortbow          |    61 |       ||    61
         Orcbow            |    34 |    31 ||    65
    Use: Scroll            |     3 |     4 ||     7
         Potion            |     2 |     1 ||     3
 Armour: Robe              |     5 |     3 ||     8
  Dodge: Dodged            |    15 |    12 ||    27

Table legend:
 A = Non-vault XP
 B = Vault XP
 C = Vault XP percentage of total XP
 D = Non-vault monster count
 E = Vault monster count
 F = Vault count percentage of total count
                 A         B        C        D         E       F
            +---------+---------+-------+---------+---------+-------
      Total |     155 |      12 |   7.2 |      42 |       6 |  12.5
            +---------+---------+-------+---------+---------+-------
        D:1 |      19 |       0 |   0.0 |      13 |       0 |   0.0
        D:2 |      44 |       0 |   0.0 |      14 |       0 |   0.0
        D:3 |      92 |      12 |  11.5 |      15 |       6 |  28.6
            +---------+---------+-------+---------+---------+-------
